 Dungeon Crawl Stone Soup version 0.24-a0-275-g6f7e2cb (webtiles) character file.

Game seed: 14004366345456270590

3052 Gorice the Thaumaturge (level 9, -4/66 HPs)
             Began as a Gnoll Wizard on Apr 27, 2019.
             Killed from afar by a steam dragon (26 damage)
             ... with a ball of steam
             ... on level 7 of the Dungeon.
             The game lasted 00:38:24 (8310 turns).

Gorice the Thaumaturge (Gnoll Wizard)               Turns: 8310, Time: 00:38:25

Health: -4/66      AC:  5    Str: 11    XL:     9   Next: 87%
Magic:  21/21      EV: 15    Int: 21    God:
Gold:   406        SH:  2    Dex: 15    Spells: 14/25 levels left

rFire    . . .     SeeInvis .   a - +3 trident
rCold    + + .     Gourm    .   (no shield)
rNeg     . . .     Faith    .   x - +2 leather armour {rC+}
rPois    .         Spirit   .   y - +0 hat
rElec    .         Reflect  +   (no cloak)
rCorr    +         Harm     .   (no gloves)
MR       .....                  (no boots)
Stlth    +++.......             L - +2 amulet of reflection
HPRegen  0.21/turn              c - ring of protection from cold
MPRegen  0.17/turn              C - ring of resist corrosion

@: no status effects
A: distributed training, fangs 1, strong nose
a: no special abilities


You were on level 7 of the Dungeon.
You were hungry.

You visited 2 branches of the dungeon, and saw 8 of its levels.
You also visited: Sewer.

You collected 406 gold pieces.

Inventory:

Hand Weapons
 a - a +3 trident (weapon)
 b - a +4 hunting sling of flaming
   (You acquired it on level 5 of the Dungeon)
 s - a +1 dagger of venom
   (You took it off an orc on level 4 of the Dungeon)
 w - a +0 battleaxe
 E - a +1 hand axe of chopping
   (You took it off an orc priest on level 4 of the Dungeon)
 F - a +0 long sword
 M - a +0 battleaxe of freezing
   (You took it off an orc warrior on level 5 of the Dungeon)
Missiles
 m - 40 bolts
 z - 6 sling bullets
 A - 3 tomahawks (quivered)
 Y - 299 stones
Armour
 l - a cursed -2 shield
 p - a +0 robe
 x - a +2 leather armour of cold resistance (worn)
   (You took it off an orc on level 6 of the Dungeon)
 y - a +0 hat (worn)
 B - a +0 scale mail
 N - a +0 chain mail
 O - a +0 plate armour
Jewellery
 c - a ring of protection from cold (left hand)
 C - a ring of resist corrosion (right hand)
 L - a +2 amulet of reflection (around neck)
Wands
 v - a wand of flame (10)
Scrolls
 g - 6 scrolls of remove curse
 h - a scroll of identify
 j - 9 scrolls of teleportation {!r}
 k - a scroll of magic mapping {!r}
 u - a scroll of amnesia
 G - a scroll of fear {!r}
Potions
 e - 2 potions of brilliance {!q}
 f - 3 potions of flight
 i - a potion of ambrosia
 n - a potion of mutation {!q}
 o - 7 potions of curing
 t - a potion of haste {!q}
 D - a potion of heal wounds {!q}
 H - 2 potions of might {!q}
 I - a potion of invisibility {!q}
 K - a potion of agility {!q}
Comestibles
 d - 14 rations


   Skills:
 + Level 4.5 Fighting
 + Level 4.5 Short Blades
 + Level 4.5 Long Blades
 + Level 4.5 Axes
 + Level 4.5 Maces & Flails
 + Level 4.5 Polearms
 + Level 4.5 Staves
 + Level 4.5 Slings
 + Level 4.5 Bows
 + Level 4.5 Crossbows
 + Level 4.5 Throwing
 + Level 4.5 Armour
 + Level 6.5 Dodging
 + Level 6.3 Stealth
 + Level 4.5 Shields
 + Level 4.5 Unarmed Combat
 + Level 8.6 Spellcasting
 + Level 4.4 Conjurations
 + Level 3.8 Hexes
 + Level 3.8 Charms
 + Level 4.4 Summonings
 + Level 3.8 Necromancy
 + Level 4.4 Translocations
 + Level 3.8 Transmutations
 + Level 3.8 Fire Magic
 + Level 3.8 Ice Magic
 + Level 3.8 Air Magic
 + Level 3.8 Earth Magic
 + Level 3.8 Poison Magic
 + Level 5.0 Invocations
 + Level 4.5 Evocations


You had 14 spell levels left.
You knew the following spells:

 Your Spells              Type           Power        Failure   Level  Hunger
a - Magic Dart            Conj           ####         1%          1    None
c - Conjure Flame         Conj/Fire      ####....     5%          3    None
e - Mephitic Cloud        Conj/Pois/Air  ####....     5%          3    None
i - Call Imp              Summ           ####....     2%          2    None
J - Blink                 Tloc           N/A          2%          2    None

Your spell library contained the following spells:

 Spells                   Type           Power        Failure   Level  Hunger
 Slow                     Hex            ###.....     3%          2    None


Dungeon Overview and Level Annotations

Branches:
Dungeon (7/15)             Temple (1/1) D:5

Altars:
Ashenzari
Cheibriados
Fedhas
Gozag
Hepliaklqana
Makhleb
Nemelex Xobeh
Okawaru
Qazlal
Sif Muna
Trog
Uskayaw
Vehumet
Wu Jian
Xom
Yredelemnul
Zin
The Shining One

Shops:
D:4 !   D:6 :

Annotations:
D:2 Terence


Innate Abilities, Weirdness & Mutations

Your experience applies equally to all skills.
You have very sharp teeth.
Your uncanny sense of smell can sniff out nearby items.


Message History

The sling bullet closely misses the steam dragon.
Firing (i - inventory. (/) - cycle)
z - 8 sling bullets (quivered)
Press: ? - help, Shift-Dir - straight line, f - you Really target yourself? [Y]es or [N]o only, please.
Really target yourself? [Y]es or [N]o only, please.
Really target yourself?
Okay, then.
Firing (i - inventory. (/) - cycle)
z - 8 sling bullets (quivered)
Press: ? - help, Shift-Dir - straight line, f - steam dragon
Aim: a steam dragon You shoot a sling bullet.
The sling bullet barely misses the steam dragon.
The steam dragon breathes steam at you. The ball of steam misses you.
Firing (i - inventory. (/) - cycle)
z - 7 sling bullets (quivered)
Press: ? - help, Shift-Dir - straight line, f/p - steam dragon
Aim: a steam dragon (catching its breath)
You shoot a sling bullet.
The sling bullet barely misses the steam dragon.
You are engulfed in a cloud of scalding steam.
Damage: 9 (max 9) Unknown command.
Your +4 hunting sling of flaming stops flaming.
a - a +3 trident (weapon)
You hit the steam dragon.
The steam dragon is lightly wounded.
The steam dragon bites you. The steam dragon misses you.
Damage: 2 (max 9)
You barely miss the steam dragon.
The steam dragon is lightly wounded.
The steam dragon breathes steam at you. The ball of steam hits you!!
Damage: 19 (max 19)
You barely miss the steam dragon.
The steam dragon is lightly wounded.
You are engulfed in a cloud of scalding steam.
You are feeling hungry.
The steam dragon barely misses you. The steam dragon completely misses you.
Damage: 9 (max 19)
You puncture the steam dragon! Your bite misses the steam dragon.
The steam dragon is moderately wounded.
You are engulfed in a cloud of scalding steam.
The steam dragon bites you but does no damage.
The steam dragon claws you but does no damage.
Damage: 5 (max 19)
The steam dragon breathes steam at you. The ball of steam hits you!!
You die...

# ###### ## ..##... #####
.## ##.......###...
..#####........##...#
.............(.§....# .
.............# #..(.###..
............#####D§..#...
............#..##§.........
................@§.........
....####.........§......#.#
.....#.#.........§......# .
.......#..................
...#..................(..##
..##......................
#.##.....................
#..#.....................
#.##........#............


You could see a steam dragon.

Vanquished Creatures
  A rust devil (D:6)
  An ice beast (D:7)
  3 orc warriors
  4 ogres
  2 phantoms
  2 centaurs
  A crocodile (Sewer)
  A big kobold (D:6)
  2 bullfrogs
  4 scorpions
  3 howler monkeys
  2 crimson imps
  2 hounds
  2 orc priests
  3 centaur skeletons
  2 iguanas
  4 worker ants
  7 orc wizards
  A hound zombie (D:5)
  A hound skeleton (D:5)
  A worker ant zombie (D:6)
  A gnoll (D:5)
  A howler monkey skeleton (D:5)
  7 adders
  A river rat (D:6)
  3 shadow imps
  An adder zombie (D:6)
  An adder skeleton (D:7)
  7 worms
  2 dart slugs (D:1)
  4 leopard geckos
  28 orcs
  2 ball pythons
  8 bats
  7 giant cockroaches
  8 hobgoblins
  4 jackals
  17 kobolds
  3 quokkas
  A ball python skeleton (D:4)
  7 frilled lizards
  8 goblins
  A leopard gecko skeleton (D:4)
  10 rats
181 creatures vanquished.

Vanquished Creatures (collateral kills)
  A rust devil (D:6)
1 creature vanquished.

Grand Total: 182 creatures vanquished

Notes
Turn   | Place    | Note
-------+----------+-------------------------------------------
     0 | D:1      | Gorice the Gnoll Wizard began the quest for the Orb.
     0 | D:1      | Reached XP level 1. HP: 13/13 MP: 8/8
    60 | D:1      | Reached skill level 2 in Conjurations
    60 | D:1      | Reached skill level 2 in Summonings
    60 | D:1      | Reached skill level 2 in Translocations
   163 | D:1      | Reached XP level 2. HP: 18/19 MP: 5/10
   399 | D:1      | Reached XP level 3. HP: 19/25 MP: 2/11
  1164 | D:1      | Learned a level 2 spell: Blink
  1167 | D:1      | Learned a level 2 spell: Call Imp
  1230 | D:2      | Reached skill level 1 in Invocations
  1233 | D:2      | Noticed Terence
  1522 | D:2      | Reached skill level 1 in Fighting
  1522 | D:2      | Reached skill level 1 in Short Blades
  1522 | D:2      | Reached skill level 1 in Long Blades
  1522 | D:2      | Reached skill level 1 in Axes
  1522 | D:2      | Reached skill level 1 in Maces & Flails
  1522 | D:2      | Reached skill level 1 in Polearms
  1522 | D:2      | Reached skill level 1 in Staves
  1522 | D:2      | Reached skill level 1 in Slings
  1522 | D:2      | Reached skill level 1 in Bows
  1522 | D:2      | Reached skill level 1 in Crossbows
  1522 | D:2      | Reached skill level 1 in Throwing
  1522 | D:2      | Reached skill level 1 in Armour
  1522 | D:2      | Reached skill level 1 in Shields
  1522 | D:2      | Reached skill level 1 in Unarmed Combat
  1522 | D:2      | Reached skill level 1 in Evocations
  1609 | D:2      | Reached XP level 4. HP: 30/32 MP: 10/13
  1646 | D:2      | Learned a level 3 spell: Conjure Flame
  2227 | D:3      | Reached skill level 1 in Hexes
  2227 | D:3      | Reached skill level 1 in Charms
  2227 | D:3      | Reached skill level 1 in Necromancy
  2227 | D:3      | Reached skill level 1 in Transmutations
  2227 | D:3      | Reached skill level 1 in Fire Magic
  2227 | D:3      | Reached skill level 1 in Ice Magic
  2227 | D:3      | Reached skill level 1 in Air Magic
  2227 | D:3      | Reached skill level 1 in Earth Magic
  2227 | D:3      | Reached skill level 1 in Poison Magic
  2227 | D:3      | Reached XP level 5. HP: 37/37 MP: 4/14
  2333 | D:3      | Found a sparkling altar of Nemelex Xobeh.
  2475 | D:3      | Found a bloodstained altar of Trog.
  2675 | D:3      | Found a blossoming altar of Fedhas.
  3250 | D:4      | HP: 11/37 [scorpion (9)]
  3405 | D:4      | Reached skill level 2 in Invocations
  3405 | D:4      | Reached XP level 6. HP: 42/44 MP: 14/16
  3564 | D:4      | HP: 13/44 [something (8)]
  3567 | D:4      | Reached skill level 5 in Dodging
  3590 | D:4      | HP: 9/44 [shadow imp (2)]
  3858 | D:4      | Reached skill level 2 in Fighting
  3858 | D:4      | Reached skill level 2 in Short Blades
  3858 | D:4      | Reached skill level 2 in Long Blades
  3858 | D:4      | Reached skill level 2 in Axes
  3858 | D:4      | Reached skill level 2 in Maces & Flails
  3858 | D:4      | Reached skill level 2 in Polearms
  3858 | D:4      | Reached skill level 2 in Staves
  3858 | D:4      | Reached skill level 2 in Slings
  3858 | D:4      | Reached skill level 2 in Bows
  3858 | D:4      | Reached skill level 2 in Crossbows
  3858 | D:4      | Reached skill level 2 in Throwing
  3858 | D:4      | Reached skill level 2 in Armour
  3858 | D:4      | Reached skill level 2 in Shields
  3858 | D:4      | Reached skill level 2 in Unarmed Combat
  3858 | D:4      | Reached skill level 2 in Evocations
  3871 | D:4      | Found a burning altar of Makhleb.
  3953 | D:4      | Learned a level 3 spell: Mephitic Cloud
  3973 | D:4      | Reached XP level 7. HP: 48/50 MP: 13/18
  4299 | D:4      | Found Eniuwen's Distillery.
  4506 | D:4      | Reached skill level 3 in Conjurations
  4506 | D:4      | Reached skill level 2 in Hexes
  4506 | D:4      | Reached skill level 2 in Charms
  4506 | D:4      | Reached skill level 3 in Summonings
  4506 | D:4      | Reached skill level 2 in Necromancy
  4506 | D:4      | Reached skill level 3 in Translocations
  4506 | D:4      | Reached skill level 2 in Transmutations
  4506 | D:4      | Reached skill level 2 in Fire Magic
  4506 | D:4      | Reached skill level 2 in Ice Magic
  4506 | D:4      | Reached skill level 2 in Air Magic
  4506 | D:4      | Reached skill level 2 in Earth Magic
  4506 | D:4      | Reached skill level 2 in Poison Magic
  4754 | D:5      | Entered Level 5 of the Dungeon
  4786 | D:5      | Reached skill level 5 in Stealth
  4838 | D:5      | Found a staircase to the Ecumenical Temple.
  4861 | D:5      | Reached skill level 3 in Invocations
  4885 | Temple   | Entered the Ecumenical Temple
  5311 | D:5      | Found an iron altar of Okawaru.
  5396 | D:5      | Reached XP level 8. HP: 42/57 MP: 19/19
  5427 | D:5      | HP: 17/57 [poisoned by a worker ant]
  5435 | D:5      | HP: 17/57 [poisoned by a worker ant]
  5994 | D:5      | Identified a scroll of acquirement
  6005 | D:6      | Found a glowing drain.
  6028 | D:6      | Reached skill level 3 in Fighting
  6028 | D:6      | Reached skill level 3 in Short Blades
  6028 | D:6      | Reached skill level 3 in Long Blades
  6028 | D:6      | Reached skill level 3 in Axes
  6028 | D:6      | Reached skill level 3 in Maces & Flails
  6028 | D:6      | Reached skill level 3 in Polearms
  6028 | D:6      | Reached skill level 3 in Staves
  6028 | D:6      | Reached skill level 3 in Slings
  6028 | D:6      | Reached skill level 3 in Bows
  6028 | D:6      | Reached skill level 3 in Crossbows
  6028 | D:6      | Reached skill level 3 in Throwing
  6028 | D:6      | Reached skill level 3 in Armour
  6028 | D:6      | Reached skill level 3 in Shields
  6028 | D:6      | Reached skill level 3 in Unarmed Combat
  6028 | D:6      | Reached skill level 3 in Evocations
  6091 | Sewer    | Entered a sewer
  6559 | D:5      | Reached skill level 8 in Spellcasting
  6750 | D:6      | Found Joraf's Book Shop.
  6753 | D:6      | Reached skill level 3 in Hexes
  6753 | D:6      | Reached skill level 3 in Charms
  6753 | D:6      | Reached skill level 3 in Necromancy
  6753 | D:6      | Reached skill level 3 in Transmutations
  6753 | D:6      | Reached skill level 3 in Fire Magic
  6753 | D:6      | Reached skill level 3 in Ice Magic
  6753 | D:6      | Reached skill level 3 in Air Magic
  6753 | D:6      | Reached skill level 3 in Earth Magic
  6753 | D:6      | Reached skill level 3 in Poison Magic
  6753 | D:6      | Reached skill level 4 in Invocations
  6802 | D:6      | Reached XP level 9. HP: 54/65 MP: 21/21
  6858 | D:6      | Reached skill level 6 in Dodging
  6878 | D:6      | HP: 19/65 [orc/+0 falchion (3)]
  7389 | D:5      | Noticed a rust devil
  7389 | D:5      | Noticed a rust devil
  7422 | D:6      | Reached skill level 4 in Fighting
  7422 | D:6      | Reached skill level 4 in Short Blades
  7422 | D:6      | Reached skill level 4 in Long Blades
  7422 | D:6      | Reached skill level 4 in Axes
  7422 | D:6      | Reached skill level 4 in Maces & Flails
  7422 | D:6      | Reached skill level 4 in Polearms
  7422 | D:6      | Reached skill level 4 in Staves
  7422 | D:6      | Reached skill level 4 in Slings
  7422 | D:6      | Reached skill level 4 in Bows
  7422 | D:6      | Reached skill level 4 in Crossbows
  7422 | D:6      | Reached skill level 4 in Throwing
  7422 | D:6      | Reached skill level 4 in Armour
  7422 | D:6      | Reached skill level 4 in Shields
  7422 | D:6      | Reached skill level 4 in Unarmed Combat
  7422 | D:6      | Reached skill level 4 in Conjurations
  7422 | D:6      | Reached skill level 4 in Summonings
  7422 | D:6      | Reached skill level 4 in Translocations
  7422 | D:6      | Reached skill level 4 in Evocations
  7520 | D:6      | Killed a rust devil
  7520 | D:6      | Reached skill level 6 in Stealth
  7570 | D:6      | Killed a rust devil
  8244 | D:7      | Reached skill level 5 in Invocations
  8310 | D:7      | Killed from afar by a steam dragon

Levels and vault maps discovered:
D:1:      dpeg_arrival_boxes_within_box, layout_loops_ring
D:2:      layout_loops_ring, uniq_terence
D:3:      layout_rooms, nicolae_overflow_crystal_walls, lemuel_round_altar,
          fedhas_altar_3
D:4:      layout_basic, lemuel_round_altar, first_ration, serial_shops,
          nicolae_shop_behind_doors, hangedman_decor_slide_cut
D:5:      cheibrodos_iron_armory, layout_loops_ring, okawaru_altar_gauntlet_db,
          temple_green, kennysheep_potato
D:6:      layout_basic, serial_shops, shop_fountains, portal_sewer_entry_b
D:7:      kennysheep_steamy, layout_cave_pools, grunt_temple_overflow_diamond,
          serial_park, grunt_livestock, st_stairs_7
Temple:   cyrus_circular_temple

Skill      XL: |  1  2  3  4  5  6  7  8  9 |
---------------+----------------------------+-----
Conjurations   | 2 3 4 |  4.4
Summonings     | 2 3 4 |  4.4
Translocations | 2 3 4 |  4.4
Invocations    | 1 2 3 4 5 |  5.0
Fighting       | 1 2 3 4 |  4.5
Short Blades   | 1 2 3 4 |  4.5
Long Blades    | 1 2 3 4 |  4.5
Axes           | 1 2 3 4 |  4.5
Maces & Flails | 1 2 3 4 |  4.5
Polearms       | 1 2 3 4 |  4.5
Staves         | 1 2 3 4 |  4.5
Slings         | 1 2 3 4 |  4.5
Bows           | 1 2 3 4 |  4.5
Crossbows      | 1 2 3 4 |  4.5
Throwing       | 1 2 3 4 |  4.5
Armour         | 1 2 3 4 |  4.5
Shields        | 1 2 3 4 |  4.5
Unarmed Combat | 1 2 3 4 |  4.5
Evocations     | 1 2 3 4 |  4.5
Hexes          | 1 2 3 |  3.8
Charms         | 1 2 3 |  3.8
Necromancy     | 1 2 3 |  3.8
Transmutations | 1 2 3 |  3.8
Fire Magic     | 1 2 3 |  3.8
Ice Magic      | 1 2 3 |  3.8
Air Magic      | 1 2 3 |  3.8
Earth Magic    | 1 2 3 |  3.8
Poison Magic   | 1 2 3 |  3.8
Dodging        | 5 6 |  6.5
Stealth        | 5 6 |  6.3
Spellcasting   | 8 |  8.6

Action                   |  1- 3 |  4- 6 |  7- 9 || total
-------------------------+-------+-------+-------++-------
Melee: Dagger            |     6 |       |       ||     6
       Bite              |     1 |    11 |    24 ||    36
       Short sword       |       |     3 |       ||     3
       Trident           |       |   113 |   295 ||   408
       Unarmed           |       |       |     4 ||     4
       Punch             |       |       |     1 ||     1
 Fire: Hunting sling     |       |       |    96 ||    96
 Cast: Magic Dart        |    94 |    49 |    23 ||   166
       Call Imp          |     2 |       |    12 ||    14
       Mephitic Cloud    |       |     2 |    11 ||    13
       Blink             |       |       |     6 ||     6
Evoke: Wand              |       |       |     7 ||     7
  Use: Scroll            |     6 |     5 |     7 ||    18
       Potion            |       |     1 |       ||     1
 Stab: Sleeping          |     1 |     8 |     4 ||    13
       Distracted        |       |     1 |       ||     1
       Confused          |       |     1 |    10 ||    11
  Eat: Chunk             |     2 |     7 |    14 ||    23
Armor: Robe              |    20 |     6 |    18 ||    44
       Leather armour    |       |       |     4 ||     4
Dodge: Dodged            |    65 |    61 |   189 ||   315
Block: Other             |       |       |     8 ||     8

Table legend:
 A = Non-vault XP
 B = Vault XP
 C = Vault XP percentage of total XP
 D = Non-vault monster count
 E = Vault monster count
 F = Vault count percentage of total count
                 A         B        C        D         E       F
            +---------+---------+-------+---------+---------+-------
      Total |    3116 |    1245 |  28.5 |     162 |      20 |  11.0
            +---------+---------+-------+---------+---------+-------
        D:1 |      55 |       0 |   0.0 |      34 |       0 |   0.0
        D:2 |      68 |       0 |   0.0 |      16 |       0 |   0.0
        D:3 |     115 |       0 |   0.0 |      21 |       0 |   0.0
        D:4 |     755 |       0 |   0.0 |      28 |       0 |   0.0
        D:5 |     498 |     145 |  22.6 |      18 |       7 |  28.0
        D:6 |     903 |     979 |  52.0 |      34 |       7 |  17.1
        D:7 |     722 |       0 |   0.0 |      11 |       0 |   0.0
      Sewer |       0 |     121 | 100.0 |       0 |       6 | 100.0
            +---------+---------+-------+---------+---------+-------

Table legend:
 A = Turns spent in this place as a percentage of turns spent in the entire game.
 B = Non-inter-level travel turns spent in this place as a percentage of non-inter-level travel turns spent in the entire game.
 C = Inter-level travel turns spent in this place as a percentage of turns spent in this place.
 D = Turns resting spent in this place as a percentage of non-inter-level travel turns spent in this place.
 E = Turns spent auto-exploring this place as a percentage of non-inter-level travel turns spent in this place.
 F = Non-inter-level travel turns spent in this place divided by the number of levels of this place that you've seen.
                   A       B       C       D       E      F
               +-------+-------+-------+-------+-------+----------------------
         Total | 100.0 | 100.0 |   5.1 |  27.3 |  36.9 | 875.9
       Dungeon |  95.5 |  95.3 |   5.4 |  26.4 |  37.4 | 1073.1
        Temple |   1.9 |   2.1 |   0.0 |  59.9 |  34.0 | 162.0
         Sewer |   2.5 |   2.7 |   0.0 |  34.4 |  22.5 | 209.0
               +-------+-------+-------+-------+-------+----------------------

Levels and vault maps discovered:
D:1:      dpeg_arrival_boxes_within_box, layout_loops_ring
D:2:      layout_loops_ring, uniq_terence
D:3:      layout_rooms, nicolae_overflow_crystal_walls, lemuel_round_altar,
          fedhas_altar_3
D:4:      layout_basic, lemuel_round_altar, first_ration, serial_shops,
          nicolae_shop_behind_doors, hangedman_decor_slide_cut
D:5:      cheibrodos_iron_armory, layout_loops_ring, okawaru_altar_gauntlet_db,
          temple_green, kennysheep_potato
D:6:      layout_basic, serial_shops, shop_fountains, portal_sewer_entry_b
D:7:      kennysheep_steamy, layout_cave_pools, grunt_temple_overflow_diamond,
          serial_park, grunt_livestock, st_stairs_7
Temple:   cyrus_circular_temple
